 Dungeon Crawl Stone Soup version 0.20.1-1-g8b1a95d (webtiles) character file.

971 equalderp2856 the Chopper (level 7, 0/61 HPs)
             Began as a Minotaur Fighter on July 26, 2017.
             Hit by a tomahawk thrown by an orc warrior (19 damage)
             ... on level 6 of the Dungeon.
             The game lasted 00:17:07 (6006 turns).

equalderp2856 the Chopper (Minotaur Fighter)        Turns: 6006, Time: 00:17:07

Health: 0/61       AC:  7    Str: 20    XL:     7   Next: 94%
Magic:  6/6        EV:  9    Int:  5    God:
Gold:   276        SH: 10    Dex: 12    Spells: 6/6 levels left

rFire    . . .     SeeInvis .   a - +0 war axe
rCold    . . .     Gourm    .   c - +0 shield
rNeg     . . .     Faith    .   b - +0 scale mail
rPois    .         Spirit   .   (helmet restricted)
rElec    .         Reflect  .   (no cloak)
rCorr    .         Harm     .   (no gloves)
MR       .....                  (no boots)
Stlth    ..........             (no amulet)
Regen    0.2/turn               (no ring)
MPRegen  0.1/turn               (no ring)

@: no status effects
A: retaliatory headbutt, horns 2
a: no special abilities


You were on level 6 of the Dungeon.
You were very hungry.

You visited 2 branches of the dungeon, and saw 7 of its levels.

You collected 276 gold pieces.

Inventory:

Hand Weapons
 a - a +0 war axe (weapon)
 r - a +1 short sword of protection
 s - a +2 whip of venom
 x - a +0 hunting sling
 A - a +1 hand axe of flaming
 B - a +3 hunting sling
 F - a +0 hunting sling
 G - a +0 hunting sling
 K - a +0 trident
 M - a +3 scythe of protection
 U - a +0 blowgun
 V - a cursed +0 shortbow
 Z - a +0 rapier
Missiles
 y - 95 stones (quivered)
 J - 74 arrows
 P - 8 needles of frenzy
 T - 9 curare-tipped needles
Armour
 b - a +0 scale mail (worn)
 c - a +0 shield (worn)
 g - a +0 shield
 t - a +0 chain mail
 C - a +0 animal skin
 D - a +0 chain mail of poison resistance
 I - a scarf of resistance
 S - a scarf of repulsion
Jewellery
 m - an uncursed amulet of magic regeneration {unknown}
 z - a cursed ring of teleportation {unknown}
 H - the ring "Tacum" {rCorr Int+2 Dex+7, unknown}
   (You took it off an orc on level 4 of the Dungeon)

   [ring of resist corrosion]

   It affects your intelligence (+2).
   It affects your dexterity (+7).
Wands
 q - a wand of flame (14/48)
 Q - a wand of clouds (4/9)
Scrolls
 e - 8 scrolls of identify {unknown}
 i - 4 scrolls of teleportation {unknown}
 l - 7 scrolls of remove curse {unknown}
 n - 2 scrolls of recharging {unknown}
 o - a scroll of fog {unknown}
 u - 3 scrolls of magic mapping {unknown}
 v - a scroll of amnesia {unknown}
 N - a scroll of enchant armour {unknown}
 W - a scroll of immolation {unknown}
Potions
 d - 2 potions of might
 h - 3 potions of heal wounds {unknown}
 j - a potion of degeneration {unknown}
 p - 4 potions of brilliance {unknown}
 w - 3 potions of curing
 E - 2 potions of berserk rage {unknown}
 L - 2 potions of flight {unknown}
 R - a potion of cancellation {unknown}
 Y - a potion of magic {unknown}
Comestibles
 f - 4 bread rations
 k - 3 fruits
 O - 2 royal jellies
 X - 3 meat rations


   Skills:
 + Level 5.3 Fighting
 + Level 7.3 Axes
 + Level 6.1 Armour
 + Level 2.7 Dodging
 + Level 0.1 Stealth
 + Level 5.6 Shields


You had 6 spell levels left.
You didn't know any spells.

Dungeon Overview and Level Annotations

Branches:
Dungeon (6/15)             Temple (1/1) D:5

Altars:
Cheibriados
Dithmenos
Elyvilon
Fedhas
Gozag
Kikubaaqudgha
Makhleb
Nemelex Xobeh
Ru
Vehumet
Xom
The Shining One

Shops:
D:5 ?


Innate Abilities, Weirdness & Mutations

You reflexively headbutt those who attack you in melee.
You have a pair of horns on your head.


Message History

Unknown command.
You closely miss the orc warrior. Your headbutt misses the orc warrior.
The orc warrior is moderately wounded.
You closely miss the crimson imp. You closely miss the orc.
You block the orc's attack.
The orc warrior hits you with a dire flail.
You block the crimson imp's attack. The orc hits you but does no damage.
Unknown command.
You closely miss the orc warrior.
The orc warrior is moderately wounded.
You barely miss the orc.
You hit the crimson imp but do no damage.
The orc warrior hits you with a dire flail!
The crimson imp blinks!
You block the orc's attack.
The orc warrior throws a tomahawk.
The tomahawk hits you but does no damage.
You block the orc's attack.
You see here a tomahawk.
The orc warrior throws a tomahawk.
The tomahawk hits you!!
You die...

#......+ #......#
#......# #......#
#5.....# #o§....#
#.o....#
#....#(.....#
#....#@(....#
#....#..(...#
#....#......#
#...#<.....#
##...#.>....#
#....#......#
#....'......#
#....#......#
########'##......#


You could see an orc warrior, a crimson imp and an orc.

Vanquished Creatures
  Sigmund (D:3)
  A sky beast (D:3)
  A centaur (D:5)
  Blork the orc (D:4)
  2 scorpions
  A crimson imp (D:5)
  A hound (D:4)
  2 orc wizards (D:5)
  An orc priest (D:5)
  Jessica (D:3)
  An iguana (D:4)
  Ijyb (D:5)
  Robin (D:4)
  A howler monkey skeleton (D:4)
  4 gnolls (D:5)
  5 adders
  A shadow imp (D:5)
  An adder zombie (D:5)
  3 worms
  3 dart slugs
  5 leopard geckos
  19 orcs
  4 giant cockroaches
  17 goblins
  7 hobgoblins
  12 jackals
  5 kobolds
  A ball python (D:4)
  3 bats
  7 frilled lizards
  2 leopard gecko skeletons (D:4)
  6 rats
121 creatures vanquished.

Notes
Turn   | Place    | Note
-------+----------+-------------------------------------------
     0 | D:1      | equalderp2856 the Minotaur Fighter began the quest for the Orb.
     0 | D:1      | Reached XP level 1. HP: 19/19 MP: 0/0
   368 | D:1      | Reached XP level 2. HP: 27/27 MP: 1/1
  1071 | D:2      | Reached XP level 3. HP: 33/33 MP: 2/2
  1151 | D:2      | Found a shadowy altar of Dithmenos.
  1413 | D:2      | Reached skill level 3 in Axes
  1608 | D:3      | Noticed Jessica
  1614 | D:3      | Killed Jessica
  1614 | D:3      | Reached skill level 1 in Dodging
  1619 | D:3      | Reached XP level 4. HP: 31/40 MP: 3/3
  1635 | D:3      | Found a faded altar of an unknown god.
  1736 | D:3      | Noticed Sigmund
  2224 | D:4      | Reached XP level 5. HP: 46/46 MP: 4/4
  2373 | D:4      | Reached skill level 4 in Axes
  2385 | D:4      | Noticed Blork the orc
  2394 | D:4      | Killed Blork the orc
  2394 | D:4      | Reached skill level 5 in Armour
  2511 | D:4      | Noticed Robin
  2526 | D:4      | Killed Robin
  2651 | D:4      | Reached XP level 6. HP: 52/52 MP: 5/5
  2739 | D:4      | Got a smoking granite ring
  2812 | D:4      | Reached skill level 5 in Axes
  3447 | D:3      | Killed Sigmund
  3447 | D:3      | Reached skill level 5 in Shields
  3893 | D:4      | Reached XP level 7. HP: 60/60 MP: 6/6
  3982 | D:3      | Reached skill level 6 in Axes
  4095 | D:5      | Entered Level 5 of the Dungeon
  4095 | D:5      | Noticed Ijyb
  4109 | D:5      | Killed Ijyb
  4296 | D:5      | Reached skill level 5 in Fighting
  4486 | D:5      | Found a staircase to the Ecumenical Temple.
  4513 | D:5      | Found Caofel's Magic Scroll Shoppe.
  4539 | Temple   | Entered the Ecumenical Temple
  5358 | D:5      | Reached skill level 7 in Axes
  6006 | D:6      | Hit by a tomahawk thrown by an orc warrior

Skill      XL: |  1  2  3  4  5  6  7 |
---------------+----------------------+-----
Shields        | 4 5 |  5.6
Armour         | 4 5 6 |  6.1
Axes           | 3 4 5 7 |  7.3
Dodging        | 1 2 |  2.7
Fighting       | 4 5 |  5.3
Stealth        | |  0.1

Action                   |  1- 3 |  4- 6 |  7- 9 || total
-------------------------+-------+-------+-------++-------
Melee: War axe           |    63 |   113 |    91 ||   267
       Headbutt          |    12 |    19 |    15 ||    46
  Eat: Chunk             |     2 |     8 |     4 ||    14
       Fruit             |       |       |     1 ||     1
Armor: Scale mail        |    45 |    39 |    37 ||   121
Dodge: Dodged            |    31 |    42 |    37 ||   110
Block: Shield            |    40 |    70 |    54 ||   164
